[Event "*** Titled Tuesday Blitz"]
[Site "Chess.com"]
[Date "2018.06.05"]
[Round "7"]
[White "UNDERTAKER2001"]
[Black "guillembaches"]
[Result "1-0"]
[WhiteElo "2354"]
[BlackElo "2210"]
[TimeControl "180+2"]
[EndTime "14:40:06 PDT"]
[Termination "UNDERTAKER2001 won on time"]

1. d4 Nf6 2. c4 e6 3. Nc3 Bb4 4. e3 c5 5. d5 O-O 6. Bd3 d6 7. Ne2 exd5 8. cxd5 a6 9. a4 Nxd5 10. Bxh7+ Kxh7 11. Qxd5 Nc6 12. O-O Be6 13. Qh5+ Kg8 14. Rd1 Qe7 15. Nd5 Bxd5 16. Rxd5 Rad8 17. Ng3 g6 18.
Qh6 Qf6 19. e4 Qg7 20. Qxg7+ Kxg7 21. Bf4 Ne5 22. Rad1 f6 23. Bxe5 fxe5 24. Rxd6 Rxd6 25. Rxd6 Rf7 26. Rd5 Kf6 27. b3 Ke6 28. Nf1 b5 29. Ne3 Rc7 30. axb5 axb5 31. Kf1 Bc3 32. Ke2 Bd4 33.
Nc2 c4 34. Nxd4+ exd4 35. bxc4 1-0

[Event "*** Titled Tuesday Blitz"]
[Site "Chess.com"]
[Date "2018.06.05"]
[Round "7"]
[White "NMJeevanK"]
[Black "Chiinaldo"]
[Result "1-0"]
[WhiteElo "2330"]
[BlackElo "2191"]
[TimeControl "180+2"]
[EndTime "14:40:09 PDT"]
[Termination "NMJeevanK won by checkmate"]

1. e4 c6 2. d4 d5 3. Nc3 dxe4 4. Nxe4 Bf5 5. Ng3 Bg6 6. Nf3 Nd7 7. h4 h6 8. h5 Bh7 9. Bd3 Bxd3 10. Qxd3 e6 11. c3 Ngf6 12. Bd2 Qc7 13. Qe2 O-O-O 14. O-O-O Bd6 15. Ne4 Nxe4 16. Qxe4 c5 17. Be3 Nf6 18. Qc2 a6 19. c4 Ng4 20. Kb1 Rhe8 21. d5 Nxe3 22.
fxe3 exd5 23. Rxd5 Rxe3 24. Rhd1 Ree8 25. Qd3 Bf8 26.
Qf5+ Kb8 27. Rd7 Rxd7 28. Rxd7 Qg3 29. Qd5 Re1+ 30. Nxe1 Qxe1+ 31. Kc2 Qe2+ 32. Kb3 Qe3+ 33. Ka4 b5+ 34. Ka5 Qe1+ 35. Kb6 Qe6+ 36. Qxe6 fxe6 37. Rd8# 1-0

[Event "*** Titled Tuesday Blitz"]
[Site "Chess.com"]
[Date "2018.06.05"]
[Round "7"]
[White "DiamondCrusher22"]
[Black "DSCC1"]
[Result "1-0"]
[WhiteElo "1990"]
[BlackElo "2146"]
[TimeControl "180+2"]
[EndTime "14:40:09 PDT"]
[Termination "DiamondCrusher22 won on time"]

1. e4 d5 2. exd5 Qxd5 3. Nc3 Qa5 4. Bc4 Nf6 5. d3 a6 6. Bd2 Qe5+ 7. Nge2 b5 8. Bb3 Bb7 9. O-O Nbd7 10. Bf4 Qc5 11. Ne4 Nxe4 12. dxe4 e6 13. Be3 Qe5 14.
Ng3 Bc5 15. Qf3 O-O 16. Bd2 Qf6 17. Qg4 Qg6 18. Qf3 Bb6 19. Bc3 Nc5 20. Nh5 f6 21. Nf4 1-0

[Event "*** Titled Tuesday Blitz"]
[Site "Chess.com"]
[Date "2018.06.05"]
[Round "7"]
[White "Anurag328"]
[Black "GianmarcoVaR"]
[Result "0-1"]
[WhiteElo "2644"]
[BlackElo "2526"]
[TimeControl "180+2"]
[EndTime "14:40:16 PDT"]
[Termination "GianmarcoVaR won by checkmate"]

1. b3 d5 2. Bb2 Nf6 3. Nf3 Bg4 4. e3 Nbd7 5. h3 Bxf3 6. Qxf3 e5 7. d3 Bd6 8. Nd2 c6 9. g4 Qe7 10. Bg2 Ba3 11. Bxa3 Qxa3 12. g5 Ng8 13. c4 Ne7 14. O-O h6 15. cxd5 cxd5 16. gxh6 Rxh6 17. Rfc1 Rc6 18. Rxc6 bxc6 19. Qd1 a5 20. Qc2 a4 21. Rc1 axb3 22. axb3 Qb4 23. Qb2 f6 24. e4 Nc5 25.
Qc2 Ne6 26. exd5 Nd4 27. Qd1 cxd5 28. Nc4 Ra2 29. Qh5+ Kf8 30. Qh8+ Kf7 31. Nxe5+ fxe5 32. Qh5+ Ke6 33. Rc7 Ne2+ 34. Kh1 Qe1+ 35. Kh2 Qg1# 0-1

[Event "*** Titled Tuesday Blitz"]
[Site "Chess.com"]
[Date "2018.06.05"]
[Round "7"]
[White "Parhamov"]
[Black "Fins0905"]
[Result "1-0"]
[WhiteElo "2824"]
[BlackElo "2599"]
[TimeControl "180+2"]
[EndTime "14:40:17 PDT"]
[Termination "Parhamov won by resignation"]

1. Nf3 d5 2. g3 Bg4 3. Bg2 Nd7 4.
O-O c6 5. d3 Ngf6 6. h3 Bh5 7.
Qe1 e5 8. e4 dxe4 9. dxe4 Be7 10. Nh4 O-O 11. Nd2 Re8 12. a4 b5 13. Nb3 Nc5 14.
Na5 Qc7 15. axb5 cxb5 16. Nf5 Bf8 17. Bg5 Nfd7 18. Be3 Rac8 19. f3 Na4 20. b3 Nab6 21.
Rf2 Bc5 22. Bf1 a6 23. c4 b4 24. Bxc5 Nxc5 25. Qxb4 Nbd7 26. Qc3 Bg6 27. Ne3 Ne6 28.
Nd5 Qb8 29. b4 Nd4 30. c5 Re6 31. Qe3 Kh8 32. Nc4 f5 33. Nd6 Rf8 34. Rxa6 Nf6 35.
b5 Rd8 36. Rfa2 fxe4 37. fxe4 Nxe4 38. Nxe4 Rxa6 39. Rxa6 Rxd5 40. b6 Rd8 41. Nd6 Rf8 42. Bg2 Nc2 43. Qxe5 h6 44. Ra8 1-0

[Event "*** Titled Tuesday Blitz"]
[Site "Chess.com"]
[Date "2018.06.05"]
[Round "7"]
[White "VovenRogel"]
[Black "ulises2013"]
[Result "1-0"]
[WhiteElo "2632"]
[BlackElo "2434"]
[TimeControl "180+2"]
[EndTime "14:40:17 PDT"]
[Termination "VovenRogel won by resignation"]

1. d4 g6 2. c4 Bg7 3. Nf3 c5 4. e3 Nf6 5. Nc3 cxd4 6. exd4 d5 7. cxd5 Nxd5 8. Bb5+ Bd7 9. Bxd7+ Qxd7 10. O-O Nc6 11.
Qb3 Rd8 12. Bg5 O-O 13. Rfe1 e6 14. Bxd8 Rxd8 15. Rad1 a6 16. Ne5 Qc8 17. Nxd5 Rxd5 18.
Rc1 Bxe5 19. dxe5 Qd7 20. Rcd1 Nd4 21. Qe3 Qa4 22. b3 Qb4 23. Qe4 Kg7 24. Kh1 Qa5 25. h3 h5 26. Re3 Nf5 27. Red3 Rxe5 28. Qf4 Re1+ 29. Rxe1 Qxe1+ 30. Kh2 Qa5 31. Qd2 Qe5+ 32. Kg1 Qa1+ 33. Kh2 Qe5+ 34. g3 h4 35. Qc3 hxg3+ 36.
fxg3 Qxc3 37. Rxc3 Kf6 38. Rd3 Ke7 39. Kg2 Nd6 40. h4 e5 41. g4 Ke6 42. h5 gxh5 43. gxh5 Nf5 44. Rd8 Ke7 45. Rb8 b5 46. Rb6 1-0

[Event "*** Titled Tuesday Blitz"]
[Site "Chess.com"]
[Date "2018.06.05"]
[Round "7"]
[White "RichardABates"]
[Black "florianschwabeneder"]
[Result "0-1"]
[WhiteElo "2328"]
[BlackElo "2384"]
[TimeControl "180+2"]
[EndTime "14:40:23 PDT"]
[Termination "florianschwabeneder won by resignation"]

1. d4 c5 2. d5 e5 3. c4 d6 4. Nc3 Nf6 5. e4 Nbd7 6. h3 h5 7. Bd3 h4 8. Nf3 Nh5 9. Ne2 a6 10. g4 hxg3 11. fxg3 Be7 12. g4 Nf4 13. Nxf4 exf4 14.
Bxf4 Bf6 15. Qe2 Qe7 16. e5 Nxe5 17. Nxe5 Bxe5 18. Bxe5 Qxe5 19. Qxe5+ dxe5 20. Kf2 f6 21. Rab1 a5 22. Kg3 Ke7 23. h4 Bd7 24. Be4 Kd6 25. Rbf1 b5 26. g5 Raf8 27. Bf5 Bxf5 28. Rxf5 bxc4 29.
Rhf1 Kxd5 30. gxf6 gxf6 31. Rxf6 Rxf6 32. Rxf6 Ke4 33.
Kg4 Rg8+ 34. Kh5 Rg2 35. Rg6 Rxb2 36. Rg4+ Kd5 37. Kg6 Rxa2 38. h5 Rh2 39. h6 c3 40.
h7 c2 41. Rg1 Kd4 42. Ra1 Kd3 43. Kg7 Rxh7+ 44. Kxh7 Kd2 45. Ra2 Kd1 0-1

[Event "*** Titled Tuesday Blitz"]
[Site "Chess.com"]
[Date "2018.06.05"]
[Round "7"]
[White "aa175"]
[Black "albi1999"]
[Result "0-1"]
[WhiteElo "1891"]
[BlackElo "2532"]
[TimeControl "180+2"]
[EndTime "14:40:25 PDT"]
[Termination "albi1999 won on time"]

1. e4 e5 2. Nf3 Nc6 3. Bc4 Bc5 4. d3 Nf6 5. Nc3 d6 6. Be3 Bb6 7. Qd2 h6 8. h3 Na5 9. Bb5+ c6 10. Ba4 Bxe3 11.
Qxe3 b5 12. Bb3 Nxb3 13. axb3 a5 14. O-O O-O 15. Rfd1 Qc7 16. d4 Re8 17. dxe5 dxe5 18. Qc5 Ra7 19. Rd6 Bd7 20. Nxe5 b4 21. Na4 Nxe4 22.
Rxd7 Nxc5 23. Rxc7 Rxc7 24. Nxc5 Rxe5 25. Rxa5 Kh7 26.
Kh2 Rd5 27. f3 Re7 28. Kg3 Ree5 0-1

[Event "*** Titled Tuesday Blitz"]
[Site "Chess.com"]
[Date "2018.06.05"]
[Round "7"]
[White "maciek_92"]
[Black "Blitzstream"]
[Result "1-0"]
[WhiteElo "2614"]
[BlackElo "2431"]
[TimeControl "180+2"]
[EndTime "14:40:29 PDT"]
[Termination "maciek_92 won by checkmate"]

1. d4 g6 2. c4 Bg7 3. Nc3 b6 4. e4 Bb7 5. f4 e6 6. Nf3 Ne7 7. h4 h6 8. h5 d6 9. hxg6 fxg6 10. d5 Nd7 11. Nd4 Bxd4 12. Qxd4 e5 13. Qd3 Nc5 14. Qh3 Qd7 15. g3 O-O-O 16. b4 Qxh3 17. Bxh3+ Nd7 18. a4 Kb8 19. a5 Nf6 20. fxe5 dxe5 21. axb6 axb6 22.
Be3 g5 23. Ke2 Bc8 24. Bxc8 Kxc8 25. c5 bxc5 26. bxc5 Kd7 27. Ra7 Nxe4 28. c6+ Ke8 29. Nxe4 Nxd5 30. Bxg5 Rb8 31. Nf6+ Nxf6 32. Bxf6 Rg8 33.
Rxh6 Rb2+ 34. Kf3 Rb3+ 35. Ke4 Rb4+ 36. Kf5 Rb8 37. Ke6 e4 38. Rxc7 e3 39. Rhh7 e2 40. Rhe7+ Kf8 41. Rf7+ Ke8 42. Rce7+ Kd8 43. c7+ Kc8 44. cxb8=R+ Kxb8 45. Rb7+ Ka8 46. Ra7+ Kb8 47. Be5+ Kc8 48. Rfc7+ Kd8 49. Bf6+ Ke8 50. Re7+ Kd8 51. Rg7+ Kc8 52. Rxg8# 1-0

[Event "*** Titled Tuesday Blitz"]
[Site "Chess.com"]
[Date "2018.06.05"]
[Round "7"]
[White "Keranke"]
[Black "GadimbayliA"]
[Result "0-1"]
[WhiteElo "2742"]
[BlackElo "2540"]
[TimeControl "180+2"]
[EndTime "14:40:30 PDT"]
[Termination "GadimbayliA won by resignation"]

1. d4 e6 2. Bf4 Nf6 3. e3 c5 4. Nf3 Nc6 5. Nc3 cxd4 6. exd4 a6 7. d5 exd5 8. Bd3 Be7 9. O-O O-O 10. Re1 d6 11. h3 Re8 12. Qd2 Be6 13. Ng5 Qd7 14. Re2 d4 15. Nce4 Nxe4 16. Bxe4 Bf5 17. Qd3 Bg6 18.
Bxg6 hxg6 19. Nf3 Bf6 20. Rae1 d5 21. Ne5 Nxe5 22. Bxe5 Qa4 23. Bxf6 Rxe2 24. Rxe2 gxf6 25. Re7 Qb4 26. Qa3 Qxa3 27. bxa3 Rc8 28. Re2 Rc3 29. Rd2 Rxa3 30. Rxd4 Rxa2 31. Rxd5 Rxc2 32. Rd6 Rb2 33. Rxf6 a5 34. Kf1 a4 0-1

[Event "*** Titled Tuesday Blitz"]
[Site "Chess.com"]
[Date "2018.06.05"]
[Round "7"]
[White "akashcheck"]
[Black "Robert_Chessmood"]
[Result "0-1"]
[WhiteElo "2175"]
[BlackElo "2721"]
[TimeControl "180+2"]
[EndTime "14:40:33 PDT"]
[Termination "Robert_Chessmood won by resignation"]

1. e4 e5 2. Nf3 Nc6 3. Bb5 Nf6 4. O-O Nxe4 5. d4 Nd6 6. dxe5 Nxb5 7. a4 Nbd4 8. Nxd4 d6 9. Nxc6 bxc6 10. exd6 Bxd6 11. Re1+ Be6 12. Nc3 O-O 13. Qf3 Qh4 14. g3 Qh3 15. Qxc6 Rae8 16. Be3 Bd7 17. Qg2 Qh5 18. Bxa7 Bg4 19.
Qd5 Be5 20. Re3 c6 21. Qe4 Bxg3 22. fxg3 Rxe4 23. Rxe4 f5 24. Re7 h6 25. Bd4 Rf7 26. Rxf7 Kxf7 27. a5 Bf3 28. Kf2 c5 29. Bxc5 Bc6 30. Ke3 f4+ 31. Kd4 Qxh2 32. gxf4 Qxf4+ 33. Kd3 h5 34. a6 h4 35. a7 h3 36. a8=Q Bxa8 37. Rxa8 Qf3+ 0-1

[Event "*** Titled Tuesday Blitz"]
[Site "Chess.com"]
[Date "2018.06.05"]
[Round "7"]
[White "ENEASZ"]
[Black "Jahonas"]
[Result "1-0"]
[WhiteElo "2508"]
[BlackElo "2236"]
[TimeControl "180+2"]
[EndTime "14:40:33 PDT"]
[Termination "ENEASZ won by resignation"]

1. e4 c6 2. d3 d5 3. Nd2 dxe4 4. dxe4 Nf6 5. Ngf3 e6 6. Bd3 Be7 7. O-O Nbd7 8. e5 Nd5 9. Nc4 Nc5 10. Be2 b5 11. Ne3 Nxe3 12. Bxe3 Qc7 13. Re1 Bb7 14. c4 b4 15. Qc2 Rd8 16. Rad1 O-O 17. h4 a5 18. h5 h6 19. Qc1 Rxd1 20. Rxd1 Rd8 21. Bd4 Nd7 22. c5 Nf8 23. Qe3 Qc8 24. Bd3 Ba6 25.
Bc2 Bc4 26. Nd2 Bxa2 27. b3 a4 28. bxa4 Bd5 29. Ne4 Bxe4 30. Qxe4 Qa6 31. Bb3 Nd7 32. Be3 Qb7 33. Rc1 Qc7 34. f4 Rb8 35. Bf2 Rc8 36.
f5 Qxe5 37. Qxe5 Nxe5 38. fxe6 Nd3 39. exf7+ Kf8 40. Rc4 Nxf2 41. Kxf2 Rd8 42. Ke2 Rd5 43. Rxb4 Re5+ 44. Kd3 1-0

[Event "*** Titled Tuesday Blitz"]
[Site "Chess.com"]
[Date "2018.06.05"]
[Round "7"]
[White "GMNeiksans"]
[Black "Nyzhnyk_Illia"]
[Result "1-0"]
[WhiteElo "2751"]
[BlackElo "2719"]
[TimeControl "180+2"]
[EndTime "14:40:34 PDT"]
[Termination "GMNeiksans won by resignation"]

1. e4 c6 2. d3 d5 3. Nd2 e5 4. Ngf3 Bd6 5. d4 exd4 6. exd5 cxd5 7. Bb5+ Nc6 8. O-O Ne7 9. Nxd4 O-O 10. N2b3 Qc7 11.
h3 Bd7 12. Be3 a6 13. Be2 Ne5 14. Bf4 Rfe8 15. c3 N7g6 16. Bg3 Rad8 17. Nd2 f5 18. Bxe5 Bxe5 19. Bf3 Bxd4 20. cxd4 Bb5 21. Re1 Rxe1+ 22.
Qxe1 Qb6 23. Qe3 f4 24. Qc3 Nh4 25. Re1 Qg6 26. Re5 Bc6 27. Bg4 Re8 28. Nf3 Nxf3+ 29. Bxf3 Rxe5 30. dxe5 Qb1+ 31. Kh2 Qxa2 32. Qb4 d4 33.
Bxc6 bxc6 34. Qe7 Qf7 35. Qd8+ Qf8 36. Qd7 f3 37. g3 d3 38. e6 Qc5 39. Qf7+ Kh8 40. Qe8+ 1-0

[Event "*** Titled Tuesday Blitz"]
[Site "Chess.com"]
[Date "2018.06.05"]
[Round "7"]
[White "comedy_of_errors"]
[Black "OparinGrigoriy"]
[Result "0-1"]
[WhiteElo "2589"]
[BlackElo "2886"]
[TimeControl "180+2"]
[EndTime "14:40:35 PDT"]
[Termination "OparinGrigoriy won by resignation"]

1. Nf3 Nf6 2. g3 b6 3. Bg2 Bb7 4. O-O e6 5. c4 c5 6. b3 Be7 7.
Bb2 O-O 8. e3 d5 9. Qe2 Qc8 10.
Rd1 Rd8 11. Nc3 d4 12. exd4 cxd4 13. Nb5 d3 14. Qf1 Nc6 15. Ne5 Nxe5 16. Bxe5 Ng4 17.
Bf4 e5 18. Be3 e4 19. f3 Nxe3 20. dxe3 Bc5 21. Qf2 f5 22. Kh1 Qd7 23. Nc3 Qe7 24. fxe4 fxe4 25. Qf4 Rf8 26. Qg4 Rae8 27. Nd5 Qe5 28. b4 Bxd5 29. bxc5 Bxc4 30. Rac1 b5 31. c6 h5 32. Qh4 Rf2 33. c7 Qxc7 34. Bxe4 Qd6 35. Rf1 Rxe4 36. Qxe4 Rxf1+ 0-1

[Event "*** Titled Tuesday Blitz"]
[Site "Chess.com"]
[Date "2018.06.05"]
[Round "7"]
[White "Beca95"]
[Black "Sanan_Sjugirov"]
[Result "1-0"]
[WhiteElo "2777"]
[BlackElo "2711"]
[TimeControl "180+2"]
[EndTime "14:40:37 PDT"]
[Termination "Beca95 won by resignation"]

1. d4 Nf6 2. c4 g6 3. Nc3 d5 4. Nf3 Bg7 5. Qb3 dxc4 6. Qxc4 O-O 7. e4 a6 8. e5 b5 9. Qb3 Nfd7 10. e6 fxe6 11.
Be3 Nb6 12. h4 Nc6 13. O-O-O Na5 14. Qc2 b4 15. Ne4 Qd5 16. b3 Bb7 17. Nc5 Nd7 18.
Nxb7 Qxb7 19. h5 c5 20. hxg6 cxd4 21. gxh7+ Kh8 22. Nh4 Ne5 23. Bxd4 Rac8 24. Bc4 Naxc4 25. bxc4 Rxc4 26. Qxc4 Rc8 27. Qxc8+ Qxc8+ 28. Kb1 Qc4 29. Rd2 b3 30. a3 Kxh7 31. Nf5+ Kg6 32. Nxg7 Nc6 33.
Bb2 Qe4+ 34. Ka1 Qf4 35. Rdd1 e5 36. Ne6 Qc4 37. Nf8+ Kf7 38. Nd7 Ke6 39. Rh6+ Kf5 40. g4+ Kxg4 41. Rxc6 1-0

[Event "*** Titled Tuesday Blitz"]
[Site "Chess.com"]
[Date "2018.06.05"]
[Round "7"]
[White "sere99"]
[Black "ChessMavenYeti"]
[Result "1-0"]
[WhiteElo "2268"]
[BlackElo "2137"]
[TimeControl "180+2"]
[EndTime "14:40:38 PDT"]
[Termination "sere99 won by resignation"]

1. d4 d6 2. g3 e5 3. dxe5 dxe5 4. Qxd8+ Kxd8 5. Nc3 c6 6. f4 f6 7. fxe5 fxe5 8.
Nf3 Bd6 9. Ne4 Bc7 10. Bg5+ Ne7 11. O-O-O+ Ke8 12. Nd6+ Bxd6 13. Rxd6 h6 14. Bd2 Nf5 15. Rg6 e4 16. Ne5 Nd7 17. Nxd7 Bxd7 18. Bh3 e3 19.
Bc3 Kf7 20. Bxf5 Bxf5 21. Rxg7+ Ke6 22. Rf1 Rhf8 23. Rxb7 Bh3 24. Rf3 Rxf3 25. exf3 Rd8 26. Rb4 Bf5 27. Rd4 Rd5 28. Kd1 c5 29. Rxd5 Kxd5 30.
Ke2 Bxc2 31. Kxe3 c4 32. a3 Ba4 33. Bg7 h5 34. Kf4 Ke6 35. Kg5 Be8 36. Bd4 Bf7 37.
Bxa7 Kd5 38. Bb8 Kc6 39. Be5 Kd5 40. Bc3 Kc5 41. g4 Kd5 42. gxh5 Ke6 43. h6 Bg8 44. a4 Bh7 45. a5 1-0

[Event "*** Titled Tuesday Blitz"]
[Site "Chess.com"]
[Date "2018.06.05"]
[Round "7"]
[White "Anton_Demchenko"]
[Black "VitaliyBernadskiy"]
[Result "1/2-1/2"]
[WhiteElo "2768"]
[BlackElo "2648"]
[TimeControl "180+2"]
[EndTime "14:40:49 PDT"]
[Termination "Game drawn by agreement"]

1. e4 c5 2. Nf3 Nc6 3. Bb5 Nf6 4. Bxc6 dxc6 5. d3 Bg4 6. h3 Bxf3 7. Qxf3 g6 8. Nc3 Bg7 9. Be3 Nd7 10. O-O O-O 11.
Qe2 e5 12. Qd2 Re8 13. b3 b6 14. a4 Nf8 15. a5 Ne6 16. Ne2 Qd6 17. Bh6 b5 18. Bxg7 Kxg7 19. f4 exf4 20. Nxf4 Nxf4 21. Qxf4 Qxf4 22. Rxf4 f6 23. a6 Rad8 24. Kf2 c4 25. bxc4 bxc4 26. Ke3 cxd3 27. cxd3 Rd6 28. Rf2 f5 29. Rb2 c5 30. Rb7+ Kh6 31. Rc7 fxe4 32. dxe4 Rd4 33. Rxa7 Rexe4+ 34. Kf3 Ra4 35. Rb1 Reb4 36.
Rxb4 cxb4 37. Rb7 1/2-1/2

[Event "*** Titled Tuesday Blitz"]
[Site "Chess.com"]
[Date "2018.06.05"]
[Round "7"]
[White "Arystanner23"]
[Black "Amirreza_p"]
[Result "0-1"]
[WhiteElo "2626"]
[BlackElo "2706"]
[TimeControl "180+2"]
[EndTime "14:40:50 PDT"]
[Termination "Amirreza_p won by resignation"]

1. e4 e6 2. d4 d5 3. Nd2 Be7 4. Bd3 c5 5. dxc5 Nf6 6. Qe2 a5 7. Ngf3 O-O 8. O-O Na6 9. e5 Nd7 10. c3 Naxc5 11. Bb5 f6 12. exf6 Nxf6 13. Ne5 Bd6 14.
Ndf3 Nce4 15. Be3 Qc7 16. Bd4 Nd7 17. Bxd7 Bxd7 18. Nxd7 Qxd7 19. Ne5 Qc7 20. f4 Bc5 21. Qe3 Bxd4 22. Qxd4 a4 23. f5 a3 24. fxe6 axb2 25.
Rab1 Rxf1+ 26. Kxf1 Rf8+ 27. Ke1 Nxc3 28. Rxb2 Ne4 29. Rb1 Qc2 30. Rd1 Qxg2 31. Nf7 Qh1+ 32. Ke2 Qxh2+ 33. Ke1 Qh1+ 34. Ke2 Qg2+ 35. Ke1 Qg3+ 36.
Ke2 Qg4+ 37. Ke3 Qxe6 38. Qxd5 Qxd5 39. Rxd5 Nf6 0-1

[Event "*** Titled Tuesday Blitz"]
[Site "Chess.com"]
[Date "2018.06.05"]
[Round "7"]
[White "Shivagami"]
[Black "francogreek"]
[Result "0-1"]
[WhiteElo "2046"]
[BlackElo "2268"]
[TimeControl "180+2"]
[EndTime "14:40:52 PDT"]
[Termination "francogreek won by resignation"]

1. d4 Nf6 2. Bf4 e6 3. e3 d5 4.
Nd2 c5 5. c3 Nc6 6. Ngf3 Nh5 7.
Bg5 f6 8. Bh4 g6 9. Bd3 Be7 10.
Bg3 O-O 11. Qb1 Kg7 12. Nh4 Qe8 13. Be2 Nxg3 14. hxg3 e5 15. Nhf3 Bg4 16. dxc5 Bxc5 17. Qd1 d4 18. Nb3 Bb6 19. cxd4 exd4 20. Nfxd4 Bxe2 21. Nxe2 Rd8 22. Qc2 Nb4 23. Qc4 Nd3+ 24. Kf1 Nxb2 25. Qh4 h5 26. g4 Qd7 27. Nf4 Rh8 28.
gxh5 g5 29. h6+ Kh7 30. Nh5 Qd3+ 31. Kg1 gxh4 32. Nxf6+ Kg6 33. Ng4 Bc7 34. Rxh4 Qd1+ 0-1

[Event "*** Titled Tuesday Blitz"]
[Site "Chess.com"]
[Date "2018.06.05"]
[Round "7"]
[White "TomPolgar"]
[Black "ChessicallyInclined"]
[Result "0-1"]
[WhiteElo "2212"]
[BlackElo "2244"]
[TimeControl "180+2"]
[EndTime "14:40:55 PDT"]
[Termination "ChessicallyInclined won by resignation"]

1. e4 e5 2. Bc4 Nf6 3. d3 c6 4. Nf3 Be7 5. O-O d6 6. Ng5 O-O 7. f4 exf4 8. Bxf4 d5 9. exd5 Nxd5 10. Ne4 Nxf4 11. Rxf4 Nd7 12. Nbd2 b5 13. Bb3 Nf6 14.
Qf3 Nd5 15. Bxd5 cxd5 16. Nc3 Bb7 17. Qf2 b4 18. Nb5 a6 19. Nd4 Qb6 20. Rf1 Bf6 21.
N2b3 a5 22. Nf5 Qxf2+ 23. R4xf2 Bxb2 24. Nc5 Bc8 25. Ne7+ Kh8 26. Rxf7 Rxf7 27. Rxf7 Bd4+ 28. Kf1 Bg4 29. Nb3 Bf6 30. Nxd5 Be6 31. Nc7 Bxf7 32.
Nxa8 a4 33. Nc5 Bxa2 34. Nxa4 Bb1 35. Ke2 Bxc2 36. N8b6 Bd4 37. Kd2 Bb3 38. h3 Kg8 39. Ke2 Kf7 40. Kd2 Ke6 41. g4 Kd6 42. Nc4+ Kd5 43. Nab6+ Kc6 44. Nc8 Bxc4 45. dxc4 Bc5 0-1

[Event "*** Titled Tuesday Blitz"]
[Site "Chess.com"]
[Date "2018.06.05"]
[Round "7"]
[White "Zaven_ChessMood"]
[Black "BillieKimbah"]
[Result "1-0"]
[WhiteElo "2902"]
[BlackElo "2784"]
[TimeControl "180+2"]
[EndTime "14:40:57 PDT"]
[Termination "Zaven_ChessMood won by resignation"]

1. e4 c5 2. Nf3 e6 3. d3 Nc6 4. Nbd2 d5 5. g3 Nf6 6. Bg2 Be7 7. O-O O-O 8. Re1 b5 9. e5 Nd7 10. Nf1 a5 11. h4 Bb7 12. Bf4 Qc7 13. N1h2 Rfc8 14. Ng4 Qd8 15. Qd2 b4 16. h5 h6 17.
c3 Bf8 18. Rad1 a4 19. a3 bxc3 20. bxc3 Ba6 21. c4 dxc4 22. dxc4 Nb6 23. Qc1 Nd4 24.
Nxd4 cxd4 25. Bxa8 Rxa8 26. Bxh6 Nxc4 27. Qf4 d3 28.
Re4 Qd5 29. Rd4 Qc6 30. R1xd3 Bb7 31. f3 Nb2 32. Rd2 Bc5 33. Qg5 g6 34. hxg6 Bxd4+ 35. Rxd4 Qxf3 36. Nf6+ 1-0

[Event "*** Titled Tuesday Blitz"]
[Site "Chess.com"]
[Date "2018.06.05"]
[Round "7"]
[White "cukus"]
[Black "Ali_rastbod"]
[Result "1-0"]
[WhiteElo "2412"]
[BlackElo "2501"]
[TimeControl "180+2"]
[EndTime "14:41:02 PDT"]
[Termination "cukus won by resignation"]

1. e4 Nf6 2. e5 Nd5 3. d4 d6 4. Nf3 Bg4 5. Be2 e6 6. c4 Nb6 7. exd6 cxd6 8. Nc3 Be7 9. d5 e5 10. h3 Bh5 11. b3 O-O 12. O-O N6d7 13. Bb2 f5 14. b4 Bxf3 15. Bxf3 e4 16. Be2 Bf6 17. Rb1 a5 18. a3 axb4 19. axb4 Na6 20. Nb5 Bxb2 21. Rxb2 Ne5 22. Nd4 Rf6 23. Ne6 Qe7 24. Qd4 Nc7 25. Nxc7 Qxc7 26. c5 Raf8 27. f4 e3 28.
fxe5 dxe5 29. Qxe3 e4 30. d6 Qd7 31. b5 Rc8 32. Bc4+ Kh8 33. Bd5 b6 34. Bc6 Qe6 35. d7 Rb8 36. cxb6 Qe5 37. Rd2 Rff8 38. Qd4 Qe7 39.
Qd6 Qg5 40. Bxe4 g6 41. Qe5+ 1-0

[Event "*** Titled Tuesday Blitz"]
[Site "Chess.com"]
[Date "2018.06.05"]
[Round "7"]
[White "The_Unbeatable_One"]
[Black "Next_Touch"]
[Result "1/2-1/2"]
[WhiteElo "2646"]
[BlackElo "2696"]
[TimeControl "180+2"]
[EndTime "14:41:05 PDT"]
[Termination "Game drawn by repetition"]

1. Nf3 d5 2. g3 g6 3. Bg2 Bg7 4. O-O e5 5. d3 Ne7 6. Nbd2 O-O 7. e4 d4 8. Nc4 Nbc6 9. a4 h6 10. Nh4 Be6 11. b3 Qd7 12. Ba3 Kh7 13. f4 exf4 14. gxf4 f5 15. Qe2 Rae8 16. Kh1 Rf7 17. Rae1 a6 18.
a5 Bf6 19. Qf2 fxe4 20. dxe4 Bxc4 21. bxc4 Nxa5 22. f5 Bxh4 23. Qxh4 Nxc4 24. Bc1 Ne3 25. Rxe3 dxe3 26. Bxe3 Nxf5 27. Rxf5 g5 28. Bxg5 Rxf5 29. Qxh6+ Kg8 30. Qg6+ Kh8 31. Qh5+ Kg8 32. Qg6+ Kh8 33. Qh5+ Kg8 34. Qg6+ Kh8 35. Qh5+ 1/2-1/2

[Event "*** Titled Tuesday Blitz"]
[Site "Chess.com"]
[Date "2018.06.05"]
[Round "7"]
[White "dalmatinac101"]
[Black "BlueWizzard"]
[Result "1-0"]
[WhiteElo "2713"]
[BlackElo "2472"]
[TimeControl "180+2"]
[EndTime "14:41:05 PDT"]
[Termination "dalmatinac101 won by resignation"]

1. e4 c5 2. Nf3 Nc6 3. Bb5 e6 4. b3 Nge7 5. Bb2 a6 6. Bxc6 bxc6 7. O-O Ng6 8. e5 d5 9. exd6 Bxd6 10. Bxg7 Rg8 11.
Bb2 Nf4 12. g3 Qc7 13. Nc3 Nh5 14. Ne4 Bd7 15. Nxd6+ Qxd6 16. Ne5 Ng7 17. Nc4 Qe7 18.
Qg4 Kf8 19. Be5 Nf5 20. Qh5 f6 21. Bb2 Be8 22. Qf3 Rg5 23. Rae1 Rd8 24. h4 Bh5 25.
Qxc6 Nxh4 26. Rxe6 Qg7 27. Rxf6+ Kg8 28. Qe6+ Bf7 29.
Qxf7+ Qxf7 30. Rxf7 Kxf7 31. d3 h5 32. Nd2 Ng6 33. Ne4 Rf5 34. Kg2 Ne5 35. Nxc5 Ng4 36.
Ne4 a5 37. Rh1 Kg6 38. Re1 Rdf8 39. Re2 h4 40. gxh4 Rf3 41. d4 Kh5 42. d5 Kxh4 43. d6 Rh3 44. d7 Rd8 45. Nf6 Rh2+ 46. Kg1 Kh3 47. Nxg4 Rg2+ 48. Kf1 Rxg4 49. Re3+ Kh2 50. Be5+ 1-0

[Event "*** Titled Tuesday Blitz"]
[Site "Chess.com"]
[Date "2018.06.05"]
[Round "7"]
[White "Albertu"]
[Black "Zufi1811"]
[Result "1-0"]
[WhiteElo "2327"]
[BlackElo "2454"]
[TimeControl "180+2"]
[EndTime "14:41:14 PDT"]
[Termination "Albertu won by resignation"]

1. e4 c5 2. Nf3 d6 3. d4 cxd4 4. Nxd4 Nf6 5. Nc3 a6 6. h3 e5 7. Nde2 h5 8. Bg5 Be6 9. Ng3 g6 10. Qf3 Nbd7 11. O-O-O h4 12. Nf5 Rh5 13. Bxh4 gxf5 14.
Qxh5 Nxh5 15. Bxd8 Kxd8 16. exf5 Bxf5 17. g4 Bg6 18.
gxh5 Bxh5 19. Be2 Bg6 20. h4 Nf6 21. h5 Bf5 22. h6 Ke7 23. Bd3 e4 24. Rde1 d5 25. f3 Kd6 26. fxe4 dxe4 27. Nxe4+ Bxe4 28. Bxe4 Re8 29. Bxb7 Bxh6+ 30. Kb1 Rxe1+ 31. Rxe1 a5 32. c3 Ng4 33. Kc2 f5 34. Bc8 Ne3+ 35. Kd3 f4 36. Bb7 Ke5 37. Bf3 Bf8 38. Rh1 Bc5 39. Rh5+ Kd6 40.
Ke4 Nc4 41. Rh6+ Kc7 42. Kd5 1-0

[Event "*** Titled Tuesday Blitz"]
[Site "Chess.com"]
[Date "2018.06.05"]
[Round "7"]
[White "Vusatiuk_Vladimir"]
[Black "Jooonaaas1996"]
[Result "0-1"]
[WhiteElo "2180"]
[BlackElo "2299"]
[TimeControl "180+2"]
[EndTime "14:41:14 PDT"]
[Termination "Jooonaaas1996 won by resignation"]

1. e4 e5 2. Nf3 Nc6 3. d4 exd4 4. Nxd4 Nf6 5. Nxc6 bxc6 6. e5 Qe7 7. Qe2 Nd5 8.
c4 Nb6 9. b3 a5 10. g3 Qe6 11.
Bg2 Bb4+ 12. Nd2 Bc3 13. Rb1 Qxe5 14. Qxe5+ Bxe5 15. O-O O-O 16. Re1 Bc3 17. Re3 Bd4 18. Rd3 Be5 19. c5 Nd5 20. Bxd5 cxd5 21. Rxd5 d6 22.
cxd6 cxd6 23. Nc4 Bf5 24. Rb2 Bxb2 25. Bxb2 Be6 26. Rxd6 Bxc4 27. bxc4 Rfc8 28. Rd4 Rd8 29. Re4 Re8 30. Rg4 h5 31. Rxg7+ Kf8 32. Rh7 Ke7 33. Rxh5 Kd7 34. Rf5 Ke6 35. Rf6+ Ke7 36. Rf4 Rec8 37. h4 Rc6 38. h5 Rac8 39. Re4+ Kf8 40. g4 Rxc4 41.
Bd4 Kg8 42. f3 Rd8 43. Bf6 Rd1+ 44. Kg2 Rxe4 45. fxe4 Rd2+ 46. Kf3 Rxa2 47. e5 Ra3+ 48. Kf4 Ra1 49. g5 Rf1+ 50. Ke4 a4 51. Kd5 a3 52. e6 fxe6+ 53. Kxe6 a2 54. g6 Rxf6+ 55. Kxf6 0-1